 Dungeon Crawl Stone Soup version 0.18-a0-1718-g40ea4b6 (webtiles) character file.

2015 Chiseanne the Conjurer (level 9, 57/61 HPs)
             Began as a Demonspawn Wizard on Apr 8, 2016.
             Quit the game on level 6 of the Dungeon.
             The game lasted 00:19:13 (7979 turns).

Chiseanne the Conjurer (Demonspawn Wizard)          Turns: 7979, Time: 00:19:14

Health: 57/61      AC: 10    Str:  8    XL:     9   Next: 2%
Magic:  16/20      EV: 12    Int: 22    God:
Gold:   232        SH:  9    Dex: 12    Spells: 5 memorised, 11 levels left

rFire  . . .     SeeInvis .     a - +3 dagger (elec)
rCold  . . .     Gourm    .     l - +0 robe
rNeg   . . .     Faith    +     q - +0 buckler (curse)
rPois  .         Spirit   +     b - +0 hat
rElec  .         Dismiss  .     r - +0 cloak
rCorr  .         Reflect  .     y - +2 pair of gloves
SustAt .         Harm     .     (no boots)
MR     .....                    h - amulet of faith
Stlth  ++........               (no ring)
                                (no ring)

@: repel missiles, not resistant to hostile enchantments, unstealthy
A: antennae 1, large bone plates 3, magic shield, rot immunity
a: no special abilities


You were on level 6 of the Dungeon.
You were not hungry.

You visited 2 branches of the dungeon, and saw 7 of its levels.
You also visited: Sewer.

You collected 232 gold pieces.

Inventory:

Hand Weapons
 a - a +3 dagger of electrocution (weapon)
Missiles
 e - 12 sling bullets of frost
 i - 19 sling bullets
 m - 26 poisoned needles
 v - 18 bolts
 C - 11 steel sling bullets
 F - a throwing net (quivered)
Armour
 b - a +0 hat (worn)
 l - a +0 robe (worn)
 q - a cursed +0 buckler (worn)
 r - a +0 cloak (worn)
 y - a +2 pair of gloves (worn)
Jewellery
 h - an amulet of faith (around neck)
Wands
 B - a wand of lightning (9/15)
Scrolls
 k - a scroll of teleportation
 p - a scroll of remove curse
 s - 2 scrolls of amnesia
 w - a scroll of recharging
 D - a scroll of fog
Potions
 f - 2 potions of haste {unknown}
 g - a potion of lignification {unknown}
 j - 3 potions of curing {unknown}
 n - 2 potions of might {unknown}
 t - a potion of ambrosia {unknown}
 u - 2 potions of agility {unknown}
 x - 2 potions of flight {unknown}
 z - a potion of cure mutation {unknown}
 A - 2 potions of heal wounds {unknown}
Books
 c - a book of Minor Magic

   Spells                             Type                      Level
   a - Magic Dart                     Conjuration                  1
   b - Blink                          Translocation                2
   c - Call Imp                       Summoning                    2
   d - Repel Missiles                 Charms/Air                   2
   e - Slow                           Hexes                        2
   f - Conjure Flame                  Conjuration/Fire             3
   g - Mephitic Cloud                 Conjuration/Poison/Air       3
Comestibles
 d - 8 bread rations
 o - 2 meat rations
 E - 7 chunks of flesh


   Skills:
 - Level 2.0 Fighting
 - Level 1.7 Dodging
 - Level 1.7 Stealth
 - Level 4.0 Shields
 * Level 7.3 Spellcasting
 * Level 7.7 Conjurations
   Level 1.0 Summonings
 - Level 0.8 Translocations


You had 11 spell levels left.
You knew the following spells:

 Your Spells              Type           Power        Failure   Level  Hunger
a - Magic Dart            Conj           ####         1%          1    None
b - Blink                 Tloc           N/A          10%         2    None
c - Repel Missiles        Chrm/Air       #.....       14%         2    None
d - Mephitic Cloud        Conj/Pois/Air  ###.....     12%         3    None
e - Conjure Flame         Conj/Fire      ####....     6%          3    None


Dungeon Overview and Level Annotations

Branches:
Dungeon (6/15)             Temple (1/1) D:5

Altars:
Cheibriados
Dithmenos
Fedhas
Gozag
Kikubaaqudgha
Okawaru
Pakellas
Qazlal
Ru
Sif Muna
Xom
Zin

Shops:
D:5 [

Annotations:
D:2 exclusion: 2 downstairs


Innate Abilities, Weirdness & Mutations

You have a pair of small antennae on your head.
You are completely covered in large bone plates (AC +4, SH +4).
When hurt, damage is shared between your health and your magic reserves.
You are immune to rotting.


Message History

You hit the black bear.
The black bear is heavily wounded.
The black bear bites you. You block the black bear's attack.
The black bear claws you but does no damage.
You barely miss the black bear.
The black bear is heavily wounded.
The black bear completely misses you. The black bear closely misses you.
The black bear claws you but does no damage.
You hit the black bear.
The black bear is severely wounded.
You block the black bear's attack. The black bear barely misses you.
The black bear misses you.
You hit the black bear.
There is a sudden explosion of sparks!
You kill the black bear!
You have reached level 9!
Your experience leads to an increase in your attributes!
Increase (S)trength, (I)ntelligence, or (D)exterity?
You feel clever.
Your demonic ancestry asserts itself...
A pair of antennae grows on your head!
Are you sure you want to abandon this character and quit the game? (Confirm with "yes".)

........#.#####..#.##.###..######
........'.....#..#...............
........#######..####.#....######
........#.....#............#
........#.##.##...###.#.#..#
#####'#.#.........#..[.....#
#.#.####.##.....#.#....#
#####.#.####.##............#
................@.....###.#######
.#####...........................
##...##..###.##.#####.#####.#####
#≈..≈≈##.# #.##'#####.# #.# #..
≈.≈#≈≈#<.# #.#..÷.....# #.# #.#
≈≈≈#≈≈#..# #.#........# #.# #.#
≈.≈#≈≈#..# #.#........#####.# #.#
≈.≈#≈≈#..# #.#...........##.# #.#
≈.≈#≈.#..###.#.......#.#.##.# #.#


There were no monsters in sight!

Vanquished Creatures
  Menkaure (D:6)
  The ghost of Ijustatesigmund the Sneak, an amateur SpAs (D:4)
  An ice beast (D:6)
  A sky beast (D:6)
  2 phantoms
  A black bear (D:6)
  2 ogres
  2 centaurs (D:6)
  A big kobold (Sewer)
  2 giant frogs (D:6)
  A scorpion (D:4)
  A hound (D:6)
  3 orc priests
  6 orc wizards
  A giant frog skeleton (D:6)
  An iguana (D:4)
  4 worker ants
  A hound zombie (D:5)
  A hound skeleton (D:5)
  10 gnolls (D:6)
  3 adders
  A howler monkey skeleton (D:6)
  4 river rats (Sewer)
  2 shadow imps (D:6)
  An ooze (D:3)
  An adder skeleton (D:4)
  3 worms
  A dart slug (D:3)
  5 giant geckos
  27 orcs
  2 ball pythons
  6 giant cockroaches
  8 hobgoblins
  17 jackals
  2 quokkas
  11 bats
  A giant cockroach zombie (D:5)
  A giant gecko skeleton (D:6)
  7 giant newts
  6 goblins
  A jackal zombie (D:5)
  13 kobolds
  7 rats
173 creatures vanquished.

Notes
Turn   | Place    | Note
--------------------------------------------------------------
     0 | D:1      | Chiseanne the Demonspawn Wizard began the quest for the Orb.
     0 | D:1      | Reached XP level 1. HP: 13/13 MP: 4/4
   524 | D:1      | Gained mutation: When hurt, damage is shared between your health and your magic reserves. [demonic ancestry]
   524 | D:1      | Reached XP level 2. HP: 19/19 MP: 1/6
   641 | D:1      | Learned a level 2 spell: Blink
   644 | D:1      | Learned a level 2 spell: Repel Missiles
  1306 | D:2      | Reached XP level 3. HP: 25/25 MP: 4/7
  1656 | D:2      | Learned a level 3 spell: Mephitic Cloud
  1721 | D:2      | Reached skill level 1 in Fighting
  2457 | D:3      | Gained mutation: You are partially covered in large bone plates (AC +2, SH +2). [demonic ancestry]
  2457 | D:3      | Reached XP level 4. HP: 26/32 MP: 1/9
  2913 | D:3      | Gained mutation: You are immune to rotting. [demonic ancestry]
  2913 | D:3      | Reached XP level 5. HP: 25/38 MP: 1/11
  3128 | D:3      | Reached skill level 1 in Shields
  3210 | D:3      | Learned a level 3 spell: Conjure Flame
  3694 | D:4      | Found a sacrificial altar of Ru.
  3890 | D:4      | Reached XP level 6. HP: 27/44 MP: 5/12
  4375 | D:4      | Noticed Ijustatesigmund's ghost (amateur SpAs)
  4389 | D:4      | Killed Ijustatesigmund's ghost
  4395 | D:4      | Gained mutation: You are mostly covered in large bone plates (AC +3, SH +3). [demonic ancestry]
  4395 | D:4      | Reached XP level 7. HP: 12/50 MP: 3/14
  4728 | D:5      | Entered Level 5 of the Dungeon
  4867 | D:5      | Found Rufuol's Armour Boutique.
  4973 | D:5      | Reached skill level 5 in Spellcasting
  5148 | D:5      | Reached skill level 5 in Conjurations
  5311 | D:5      | Found a staircase to the Ecumenical Temple.
  5332 | Temple   | Entered the Ecumenical Temple
  5615 | D:6      | Found a glowing drain.
  5638 | Sewer    | Entered a sewer
  5911 | Sewer    | Found a white marble altar of Elyvilon.
  6007 | D:6      | Gained mutation: You are completely covered in large bone plates (AC +4, SH +4). [demonic ancestry]
  6007 | D:6      | Reached XP level 8. HP: 56/56 MP: 3/16
  6604 | D:6      | Noticed Menkaure
  6613 | D:6      | Killed Menkaure
  7978 | D:6      | Gained mutation: You have a pair of small antennae on your head. [demonic ancestry]
  7978 | D:6      | Reached XP level 9. HP: 57/61 MP: 16/20
  7979 | D:6      | Quit the game

Vault maps used:
D:1:      roderic_crop_circles_arrival_small, grunt_decor_arrowhead,
          item_on_display_a
D:2:      corexii_shack, minmay_ruptured
D:3:      kennysheep_generic_room_6
D:4:      grunt_ministairs_7, corexii_corridor_pit, hangedman_decor_growths,
          st_stairs_14, grunt_decor_cap, minmay_crystal_room,
          nicolae_ru_path_of_blood
D:5:      minmay_temple_entry_junction, serial_shops, nicolae_shop_crystal,
          first_bread
D:6:      gup_sewer_entry_pipe, minmay_misc_feat_plants, uniq_menkaure
Temple:   temple_eino_lava_12
Sewer:    sewer_kobolds

Skill      XL: |  1  2  3  4  5  6  7  8 |
---------------+-------------------------+-----
Conjurations   | 2 3 4 5 7 |  7.7
Fighting       | 1 2 |  2.0
Spellcasting   | 4 5 7 |  7.3
Shields        | 1 2 4 |  4.0
Dodging        | |  1.7
Stealth        | |  1.7
Summonings     | |  1.0
Translocations | |  0.8

Action                   |  1- 3 |  4- 6 |  7- 9 || total
-------------------------+-------+-------+-------++-------
Melee: Unarmed           |    17 |       |       ||    17
       Hand axe          |     7 |       |       ||     7
       Dagger            |    21 |   110 |   151 ||   282
 Cast: Magic Dart        |   102 |    41 |   157 ||   300
       Repel Missiles    |     1 |     1 |     1 ||     3
       Mephitic Cloud    |       |       |    11 ||    11
       Conjure Flame     |       |       |     3 ||     3
  Use: Scroll            |     6 |       |     3 ||     9
 Stab: Sleeping          |       |       |     2 ||     2
  Eat: Chunk             |     5 |     6 |    11 ||    22
